 Dungeon Crawl Stone Soup version 0.27.1-2-g3b301248ec (webtiles) character file.

Game seed: 2938542231777563363

828 VictoriousLee the Gusty (level 7, -3/34 (36) HPs)
             Began as a Tengu Summoner on Sept 26, 2021.
             Slain by a wight (17 damage)
             ... on level 6 of the Dungeon on Sept 27, 2021.
             The game lasted 00:35:29 (7682 turns).

VictoriousLee the Gusty (Tengu Summoner)            Turns: 7682, Time: 00:35:30

HP:   -3/34 (36)    AC:  3    Str:  8    XL:     7   Next: 97%
MP:   8/14          EV: 15    Int: 17    God:
Gold: 324           SH:  0    Dex: 19    Spells: 3/14 levels left

rFire    . . .     SeeInvis .   z - staff of conjuration
rCold    + . .     Faith    .   (no shield)
rNeg     . . .     Spirit   .   A - +1 robe of Ahapa {rC+ Dex+4}
rPois    .         Reflect  .   (helmet restricted)
rElec    .         Harm     .   (no cloak)
rCorr    .         Rampage  .   (no gloves)
Will     .....                  (boots unavailable)
Stlth    ++........             h - amulet of magic regeneration
HPRegen  0.11/turn              (no ring)
MPRegen  0.39/turn              (no ring)

@: flying quickly and evasively, drained, quick
A: beak, talons 3, nimble flight
a: no special abilities


You were on level 6 of the Dungeon.
You visited 1 branch of the dungeon, and saw 6 of its levels.

You collected 324 gold pieces.

Inventory:

Hand Weapons
 d - a +0 dagger
 i - a +0 mace
 k - a +0 spear
 v - a +0 rapier
 w - a +0 falchion
 x - a +0 fustibalus
 y - a +0 lajatang
 B - a +3 mace
Missiles
 b - 163 stones
 s - 6 bolts
Armour
 a - a +0 robe
 c - a +0 ring mail
 e - a +0 tower shield
 u - a +3 leather armour
 A - the +1 robe of Ahapa (worn) {rC+ Dex+4}
   (You found it on level 5 of the Dungeon)

   Dex:       It affects your dexterity (+4).
   rC:        It protects you from cold.
Magical Staves
 z - a staff of conjuration (weapon)
Jewellery
 h - an amulet of magic regeneration (around neck)
 p - a ring of ice
 r - a ring of ice
Scrolls
 f - a scroll of silence {unknown}
 g - 5 scrolls of teleportation
 l - a scroll of vulnerability {unknown}
 n - 3 scrolls of enchant weapon {unknown}
Potions
 j - 3 potions of curing
 m - a potion of brilliance
 o - a potion of invisibility
 q - a potion of heal wounds {unknown}
 t - 2 potions of mutation


   Skills:
 - Level 2.1 Dodging
 - Level 2.0 Stealth
 + Level 4.1 Spellcasting
 - Level 6.0 Conjurations
 - Level 6.0 Summonings
 - Level 6.4 Air Magic
 + Level 0.8 Poison Magic


You had 3 spell levels left.
You knew the following spells:

 Your Spells              Type           Power      Damage    Failure   Level
a - Call Imp              Summ           24%        N/A       1%          2
b - Summon Small Mammal   Summ           96%        N/A       1%          1
c - Mephitic Cloud        Conj/Pois/Air  27%        N/A       8%          3
d - Magic Dart            Conj           100%       1d8       1%          1
s - Summon Lightning Spi  Summ/Air       24%        N/A       12%         4

Your spell library contained the following spells:

 Spells                   Type           Power      Damage    Failure   Level
 Call Canine Familiar     Summ           24%        N/A       4%          3
 Conjure Flame            Conj/Fire      20%        6-21      14%         3
 Summon Guardian Golem    Hex/Summ       13%        N/A       14%         3
 Ignite Poison            Fire/Tmut/Pois 4%         N/A       38%         3
 Sticky Flame             Conj/Fire      20%        2d4       41%         4


Dungeon Overview and Level Annotations

Branches:
Dungeon (6/15)
 Temple: D:4-7

Altars:
Dithmenos
Gozag
Kikubaaqudgha
Sif Muna

Annotations:
D:3 3 runed translucent doors, Rickety's ghost, amateur GnVM
D:4 1 transporter, Icepheonix32's ghost, amateur DsFi


Innate Abilities, Weirdness & Mutations

You have a beak for a mouth.
You have claws for feet.
Your magical nature lets you fly swiftly and evasively.


Message History

You are very lightly contaminated with residual magic.
Nothing appears to happen.
Your lightning spire shoots out a bolt of lightning at the wight!
The bolt of electricity hits the wight!
The wight is destroyed!
Things that are here:
a +0 dagger; a +0 robe
Aiming: Magic Dart (safe; 1% risk of failure)
Press: ? - help, Q - select action, (/) - cycle Shift-Dir - straight line, f - wight
Aim: a wight, wielding a +4 dire flail and wearing a +0 robe (100% to hit)
You feel a surge of power!
The magic dart hits the wight.
The wight is lightly damaged.
Your magical contamination has completely faded away.
Aiming: Magic Dart (safe; 1% risk of failure)
Press: ? - help, Q - select action, (/) - cycle Shift-Dir - straight line, f/p - wight
Aim: a wight, wielding a +4 dire flail and wearing a +0 robe (lightly damaged, ally target, 100% to hit)
You feel a surge of power!
The magic dart hits the wight.
The wight is heavily damaged.
Aiming: Magic Dart (safe; 1% risk of failure)
Press: ? - help, Q - select action, (/) - cycle Shift-Dir - straight line, f/p - wight
Aim: a wight, wielding a +4 dire flail and wearing a +0 robe (heavily damaged, ally target, 100% to hit)
You feel a surge of power!
The magic dart hits the wight!
The wight is almost destroyed.
Aiming: Magic Dart (safe; 1% risk of failure)
Press: ? - help, Q - select action, (/) - cycle Shift-Dir - straight line, f/p - wight
Aim: a wight, wielding a +4 dire flail and wearing a +0 robe (almost destroyed, ally target, 100% to hit)
You feel a surge of power!
The magic dart hits the wight but does no damage.
The wight is almost destroyed.
The wight hits you with a +4 dire flail!
You feel drained.
Aiming: Magic Dart (safe; 1% risk of failure)
Press: ? - help, Q - select action, (/) - cycle Shift-Dir - straight line, f/p - wight
Aim: a wight, wielding a +4 dire flail and wearing a +0 robe (almost destroyed, ally target, 100% to hit)
You feel a surge of power!
The magic dart hits the wight but does no damage.
The wight is almost destroyed.
The wight hits you with a +4 dire flail!
Ouch! That really hurt!
You die...

†......
........##..........#.#
.....!..
......................#
..#.####
.........#..........###
#.#.#
.........#..........#
#.#.#
.........#..........# #
.......#.#..........#
######.#.#..........# #
#.#[#..........#
#...######@#.#..........#
#......).z.8.############
#....#####.### #.. #.# #
#.# #.# #.# #.# #.#


You could see a wight (ally target) and a friendly lightning spire (summoned).

Vanquished Creatures
  2 ogres
  A bullfrog (D:6)
  2 water moccasin zombies (D:5)
  A howler monkey (D:5)
  A jelly (D:5)
  2 iguanas
  An orc wizard (D:5)
  A hound skeleton (D:4)
  2 adders
  An adder skeleton (D:2)
  A dart slug (D:3)
  7 orcs
  4 endoplasms
  2 giant cockroaches
  5 goblins
  5 hobgoblins
  2 kobolds
  5 quokkas
  5 ball pythons
  2 bats
  3 frilled lizards (D:2)
  2 rats
57 creatures vanquished.

Vanquished Creatures (collateral kills)
  An ogre (D:5)
  A phantom (D:5)
  A water moccasin skeleton (D:5)
  2 wights (D:6)
  2 hounds
  An orc priest (D:3)
  A centaur skeleton (D:5)
  3 iguanas
  Natasha (twice) (D:2)
  3 gnolls (D:2)
  2 adders (D:2)
  2 dart slugs
  6 orcs
  4 ball pythons
  3 endoplasms
  4 giant cockroaches
  A goblin (D:2)
  2 hobgoblins
  3 jackals (D:3)
  2 kobolds
  A frilled lizard (D:3)
47 creatures vanquished.

Vanquished Creatures (others)
  Natasha (D:2)
  A demonic plant (D:1)
  A plant (D:1)
3 creatures vanquished.

Grand Total: 107 creatures vanquished

Notes
Turn   | Place    | Note
-------+----------+-------------------------------------------
     0 | D:1      | VictoriousLee the Tengu Summoner began the quest for the
                  | Orb.
     0 | D:1      | Reached XP level 1. HP: 10/10 MP: 4/4
   617 | D:1      | Reached skill level 5 in Summonings
   917 | D:1      | Found a faded altar of an unknown god.
   936 | D:1      | Reached XP level 2. HP: 9/15 MP: 4/6
  1057 | D:1      | Learned a level 2 spell: Call Imp
  1464 | D:2      | Reached skill level 1 in Air Magic
  1789 | D:2      | Noticed Natasha
  1797 | D:2      | Reached XP level 3. HP: 19/19 MP: 2/7
  1801 | D:2      | Killed Natasha
  2274 | D:2      | Noticed Natasha
  2326 | D:2      | Killed Natasha
  2327 | D:2      | Reached XP level 4. HP: 13/24 MP: 5/8
  2459 | D:2      | Learned a level 4 spell: Summon Lightning Spire
  2766 | D:2      | Noticed Natasha
  2787 | D:2      | Killed Natasha
  3580 | D:3      | Found a shimmering blue altar of Sif Muna.
  3589 | D:3      | Found an ancient bone altar of Kikubaaqudgha.
  3600 | D:3      | Found a shadowy altar of Dithmenos.
  4143 | D:3      | Gained mutation: Your magical nature lets you fly swiftly
                  | and evasively. [Tengu growth]
  4143 | D:3      | Reached XP level 5. HP: 13/28 MP: 6/9
  4394 | D:3      | Found a runed translucent gate.
  4394 | D:3      | Found a runed translucent gate.
  4394 | D:3      | Found a runed translucent gate.
  4399 | D:3      | Found an opulent altar of Gozag.
  4407 | D:3      | Noticed Rickety's ghost (amateur GnVM)
  4707 | D:4      | Noticed an ogre
  4715 | D:4      | Found a transporter.
  4715 | D:4      | Noticed Icepheonix32's ghost (amateur DsFi)
  4716 | D:4      | Noticed an ogre
  5110 | D:4      | Reached skill level 5 in Air Magic
  5531 | D:4      | Noticed an ogre
  5546 | D:4      | Killed an ogre
  5551 | D:4      | Reached XP level 6. HP: 32/32 MP: 6/10
  5740 | D:5      | Entered Level 5 of the Dungeon
  5756 | D:5      | Reached skill level 1 in Conjurations
  6124 | D:5      | Reached XP level 7. HP: 19/36 MP: 6/11
  6149 | D:5      | Reached skill level 5 in Conjurations
  6672 | D:4      | Learned a level 1 spell: Magic Dart
  7226 | D:5      | Identified the +1 robe of Ahapa {rC+ Dex+4}
  7243 | D:5      | Learned a level 3 spell: Mephitic Cloud
  7682 | D:6      | Slain by a wight

Illustrated notes

Levels and vault maps discovered:
D:1:      lordsloth_arrival_two_stooges, layout_basic,
          shapermc_ecumenical_altar_gd
D:2:      layout_loops_corners, uniq_natasha
D:3:      layout_basic, minmay_overflow_temple_star_quad, ebering_ghost_gozag
D:4:      layout_loops_corners, gammafunk_ghost_smash
D:5:      layout_rooms, minmay_chambers_of_fives
D:6:      layout_basic, minmay_temple_entry_statues_pillars

Skill      XL: |  1  2  3  4  5  6  7 |
---------------+----------------------+-----
Summonings     | 5 6 |  6.0
Air Magic      | 2 3 4 6 |  6.4
Conjurations   | 4 6 |  6.0
Spellcasting   | 4 |  4.1
Dodging        | |  2.1
Stealth        | |  2.0
Poison Magic   | |  0.8

Action                   |  1- 3 |  4- 6 |  7- 9 || total
-------------------------+-------+-------+-------++-------
Melee: Dagger            |    56 |   121 |    26 ||   203
       Kick              |    11 |    30 |     9 ||    50
       Unarmed           |     4 |       |       ||     4
       Peck              |     9 |    25 |     2 ||    36
       Staff             |       |       |     4 ||     4
Throw: Stone             |     1 |       |       ||     1
 Cast: Summon Small Mamm |     9 |       |       ||     9
       Call Imp          |    14 |    22 |     1 ||    37
       Summon Lightning  |       |     5 |     8 ||    13
       Magic Dart        |       |       |    34 ||    34
  Use: Scroll            |       |       |     6 ||     6
 Stab: Sleeping          |     2 |     6 |       ||     8
       Distracted        |       |     7 |       ||     7
Armor: Robe              |    12 |    11 |     2 ||    25
Dodge: Dodged            |    36 |    58 |    22 ||   116
